 Dungeon Crawl Stone Soup version 0.32-a0-913-g739538afd8 (webtiles) character file.

Game seed: 14944976882153133560

504 ezpacito the Chopper (level 7, 54/54 HPs)
             Began as a Coglin Chaos Knight on Apr 10, 2024.
             Was a Plaything of Xom.
             Quit the game on level 4 of the Dungeon.
             The game lasted 00:03:59 (2667 turns).

ezpacito the Chopper (Coglin Chaos Knight)          Turns: 2667, Time: 00:04:00

Health: 54/54      AC:  9    Str: 15    XL:     7   Next: 17%
Magic:  9/9        EV: 11    Int: 11    God:    Xom [.....*]
Gold:   305        SH:  0    Dex: 13    Spells: 9/9 levels left

rFire   . . .        a - +0 hand axe (chaos) {Dalbir}
rCold   . . .        e - +0 spear {Hachiro}
rNeg    . . .        b - +2 leather armour
rPois   .            (helmet restricted)
rElec   .            s - +2 cloak
rCorr   .            j - +0 pair of gloves
SInv    .            (no boots)
Will    +....        (amulet unavailable)
Stlth   ++           (ring unavailable)
HPRegen 0.29/turn    (ring unavailable)
MPRegen 0.11/turn    (no gizmo)

%: no passive effects
@: no status effects
A: off-hand wielding, slow wielding, warmup strikes, no jewellery, antennae 1,
strong-willed 1, MP-powered wands
a: Invent Gizmo, Renounce Religion


You were on level 4 of the Dungeon.
You worshipped Xom.
You were Xom's teddy bear.
You visited 1 branch of the dungeon, and saw 4 of its levels.

You collected 305 gold pieces.

Inventory:

Hand Weapons
 a - a +0 hand axe of chaos (weapon) {Dalbir}
 e - a +0 spear (offhand) {Hachiro}
Missiles
 d - 6 boomerangs (quivered)
 h - 3 silver javelins
 k - a throwing net
Armour
 b - a +2 leather armour (worn)
 f - a +0 helmet
 j - a +0 pair of gloves (worn)
 s - a +2 cloak (worn)
Scrolls
 c - a scroll of butterflies
 g - a scroll of fear
 i - a scroll of identify
 p - a scroll of amnesia
 t - 3 scrolls of teleportation
Potions
 l - 2 potions of attraction
 m - a potion of degeneration {unknown}
 o - a potion of might {unknown}


   Skills:
 * Level 4.1 Fighting
 * Level 4.2(4.6) Axes
 * Level 2.3(3.4) Polearms
 * Level 3.0 Armour
 * Level 2.7 Dodging
 + Level 1.6 Stealth
 + Level 1.5 Spellcasting


You had 9 spell levels left.
You didn't know any spells.
Your spell library contained the following spells:

 Spells                   Type           Power      Damage    Failure   Level
 Kiss of Death            Conj/Necr      0%         2d5       36%         1
 Confusing Touch          Hex            0%         N/A       75%         3
 Dispel Undead            Necr           0%         3d6       98%         4


Dungeon Overview and Level Annotations

Branches:
Dungeon (4/15)
 Temple: D:4-7

Altars:
Elyvilon
Hepliaklqana
Nemelex Xobeh


Innate Abilities, Weirdness & Mutations

You can wield a second weapon in your off-hand.
It takes a long time for you to wield or remove held weapons.
Your first few attacks do less damage.
You cannot equip rings or amulets.
You have a pair of small antennae on your head.
You are strong-willed. (Will+)
You expend magic power (3 MP) to strengthen your wands.


Message History

You now have 289 gold pieces (gained 10).
You hear the rapid rusting of a very distant drain.
There is a stone staircase leading down here.
You see here a +0 leather armour.
i - a scroll of identify You hear the rapid rusting of a very distant drain.
You now have 301 gold pieces (gained 12).
m - a coppery potion You now have 305 gold pieces (gained 4).
You hear the rapid rusting of a very distant drain.
You hear the drain falling apart.
The walls and floor vibrate strangely for a moment.
A ball python comes into view.
The ball python hisses angrily.
A dart slug comes into view.
You closely miss the ball python with your +0 hand axe of chaos.
You barely miss the ball python with your +0 spear.
The dart slug launches a dart at you. The slug dart hits you.
The ball python barely misses you. x2
You take 1 damage, and have 53/54 hp.
You hit the ball python with your +0 spear.
You kill the ball python!
Health restored: 54 You reach to attack!
You hit the dart slug with your +0 spear.
The dart slug is moderately wounded.
The dart slug launches a dart at you. The slug dart misses you.
You reach to attack!
You hit the dart slug with your +0 spear.
The dart slug launches a dart at you.
The slug dart hits you but does no damage.
You reach to attack!
You hit the dart slug with your +0 spear.
You kill the dart slug!
No target in view!
No target in view!
A jelly comes into view.
The jelly quivers.
Are you sure you want to abandon this character and quit the game? (Confirm with "yes".)

.............###.###.###.##
.#.##.###........###.##...####
...##....##.#................####
#.###.##.##.#.##.##.#.#..........
#.....##.##............#.###<###.
†...####.##...##.##.#..#.# #.#
....# #.##.=.##.#.......# #.#
...## #.##...##.#..#..#<# #..
..## #.##...##@#..#..#.# ### #.#
#.##...##.#..#..#.# #.#
#......<.... ...# #.#
####..#####. .# ##.)......J
#.########...#####...
.........#........##
########...###### # ##.##


You could see a jelly.

Vanquished Creatures
  A steam dragon (D:4)
  A black bear (D:4)
  The ghost of EvilEddieB the Grave Robber, a weakling DsNe (D:3)
  A bombardier beetle (D:4)
  A hound (D:4)
  An iguana (D:2)
  3 adders
  6 gnolls
  A ribbon worm (D:2)
  3 dart slugs
  6 endoplasms
  3 giant cockroaches
  7 goblins
  4 hobgoblins
  4 jackals (D:3)
  6 kobolds
  8 ball pythons
  3 bats
  3 frilled lizards
  9 rats
  A spectral hobgoblin (D:3)
73 creatures vanquished.

Notes
Turn   | Place    | Note
-------+----------+-------------------------------------------
     0 | D:1      | ezpacito the Coglin Chaos Knight began the quest for the
                  | Orb.
     0 | D:1      | Reached XP level 1. HP: 18/18 MP: 1/1
    75 | D:1      | XOM: silly message
    80 | D:1      | Reached skill level 1 in Dodging
   179 | D:1      | Reached XP level 2. HP: 16/24 MP: 2/2
   363 | D:1      | XOM: cast spell 'Olgreb's Toxic Radiance'
   481 | D:1      | XOM: potion effect (might)
   484 | D:1      | Reached XP level 3. HP: 29/29 MP: 3/3
   631 | D:2      | Reached skill level 1 in Polearms
   636 | D:2      | Reached XP level 4. HP: 25/35 MP: 5/5
   936 | D:2      | Reached skill level 1 in Spellcasting
   951 | D:2      | XOM: silly message
  1093 | D:2      | XOM: silly message
  1223 | D:3      | Found a hazy altar of Hepliaklqana.
  1264 | D:3      | Reached skill level 1 in Stealth
  1267 | D:3      | Found a faded altar of an unknown god.
  1416 | D:3      | Found a white marble altar of Elyvilon.
  1432 | D:3      | XOM: divination: magic mapping
  1462 | D:3      | Reached XP level 5. HP: 41/41 MP: 6/6
  1464 | D:3      | XOM: divination: detect items
  1554 | D:3      | Found a runed translucent door.
  1554 | D:3      | Noticed EvilEddieB's ghost (weakling DsNe)
  1565 | D:3      | XOM: silly message
  1708 | D:3      | Killed EvilEddieB's ghost
  2017 | D:4      | Noticed a steam dragon
  2021 | D:4      | Found a sparkling altar of Nemelex Xobeh.
  2096 | D:4      | Noticed a black bear
  2099 | D:4      | XOM: polymorph gnoll bouda -> frilled lizard
  2113 | D:4      | Gained mutation: You have a pair of small antennae on your
                  | head. [potion of mutation]
  2113 | D:4      | Gained mutation: You are frail. (-10% HP) [potion of
                  | mutation]
  2113 | D:4      | Gained mutation: Your spells are a little harder to cast,
                  | but a little more powerful. [potion of mutation]
  2114 | D:4      | Lost mutation: You are frail. (-10% HP) [potion of
                  | mutation]
  2114 | D:4      | Lost mutation: Your spells are a little harder to cast, but
                  | a little more powerful. [potion of mutation]
  2114 | D:4      | Gained mutation: You expend magic power (3 MP) to
                  | strengthen your wands. [potion of mutation]
  2119 | D:4      | Killed a black bear
  2120 | D:4      | Reached XP level 6. HP: 8/48 MP: 7/7
  2124 | D:4      | HP: 1/48 [gnoll/+0 spear[a gnoll bouda] (7)]
  2252 | D:4      | XOM: god gift: 3 silver javelins
  2263 | D:4      | XOM: give mutation
  2263 | D:4      | Gained mutation: You are strong-willed. (Will+) [Xom's
                  | grace]
  2357 | D:4      | Killed a steam dragon
  2358 | D:4      | Reached XP level 7. HP: 14/54 MP: 7/9
  2667 | D:4      | Quit the game

Illustrated notes

Levels and vault maps discovered:
D:1:      evilmike_arrival_fibonacci_small, layout_rooms,
          chequers_serial_rivers_micro_b
D:2:      layout_basic, serial_park_tiny_1
D:3:      layout_basic, elyvilon_altar_3, worldfamousw_hep_ancestral_shrine,
          dreamdust_ecumenical_altar_drowned_temple,
          hellmonk_ghost_happy_afterlife, minmay_vboxes
D:4:      layout_loops_ring, mainiacjoe_overflow_catwalk, amcnicky_altar_gilded,
          portal_sewer_entry_b

Skill      XL: |  1  2  3  4  5  6  7 |
---------------+----------------------+-----
Dodging        | 1 2 |  2.7
Armour         | 2 3 |  3.0
Polearms       | 1 2 |  2.3
Spellcasting   | 1 |  1.5
Stealth        | 1 |  1.6
Fighting       | 4 |  4.1
Axes           | 4 |  4.2

Action                     |  1- 3 |  4- 6 |  7- 9 || total
---------------------------+-------+-------+-------++-------
  Melee: Hand axe          |    47 |    93 |     7 ||   147
         Dagger            |    27 |       |       ||    27
         Spear             |    15 |   100 |    12 ||   127
    Use: Scroll            |       |     8 |       ||     8
         Potion            |       |     2 |       ||     2
   Stab: Distracted        |       |     1 |       ||     1
         Paralysed         |       |     3 |       ||     3
         Sleeping          |       |     1 |     1 ||     2
         Confused          |       |     3 |       ||     3
 Armour: Leather armour    |    26 |    82 |     5 ||   113
  Dodge: Dodged            |    28 |    56 |     7 ||    91

Table legend: (Time is in decaauts)
 A = Elapsed time spent in this place.
 B = Non-inter-level travel time spent in this place.
 C = Inter-level travel time spent in this place.
 D = Time resting spent in this place.
 E = Time spent auto-exploring this place.
 F = Levels seen in this place.
 G = Mean time per level.
                   A        B        C        D        E       F      G
               +--------+--------+--------+--------+--------+-----+--------+
         Total |   2682 |   2541 |    141 |      0 |   2045 |   4 |  670.5 |
       Dungeon |   2682 |   2541 |    141 |      0 |   2045 |   4 |  670.5 |
               +--------+--------+--------+--------+--------+-----+--------+

Top non-repeatable levels by time:
     D:4: 737 daAuts
     D:3: 719 daAuts
     D:2: 650 daAuts
     D:1: 575 daAuts
